 Dungeon Crawl Stone Soup version 0.32-a0-928-g1cae6b7ea0 (webtiles) character file.

Game seed: 18351097564122534147

305 timneilson the Ruffian (level 6, -4/39 HPs)
             Began as an Octopode Shapeshifter on Apr 12, 2024.
             Was an Initiate of Gozag.
             Slain by an orc wizard
             ... wielding a +3 dagger
              (5 damage)
             ... on level 4 of the Dungeon.
             The game lasted 00:03:50 (1995 turns).

timneilson the Ruffian (Octopode Shapeshifter)      Turns: 1995, Time: 00:03:52

Health: -4/39      AC:  1    Str: 14 (16) XL:     6   Next: 39%
Magic:  6/6        EV: 13    Int: 15 (18) God:    Gozag
Gold:   236        SH:  0    Dex: 14 (17) Spells: 5/5 levels left

rFire   . .          .
                       - Unarmed
rCold   . . .        (no shield)
rNeg    . . .        (helmet currently unavailable)
rPois   .            (no amulet)
rElec   .            f - +6 ring of dexterity
rCorr   .            p - +6 ring of intelligence
SInv    .            (no ring)
Will    .....        (no ring)
Stlth   +++          (no ring)
HPRegen 0.26/turn    (no ring)
MPRegen 0.10/turn    (no ring)
                     (no ring)

%: no passive effects
@: beast-form, gold aura
A: beast (slay +2), almost no armour, amphibious, 8 rings, camouflage 1,
gelatinous body 1, (nimble swimmer 1), tentacles
a: Begin Untransformation, Renounce Religion, Potion Petition, Call Merchant,
Bribe Branch


You were on level 4 of the Dungeon.
You worshipped Gozag.
Gozag was aware of your devotion.
You were a hulking beast.
You visited 1 branch of the dungeon, and saw 4 of its levels.

You collected 269 gold pieces.
You paid 33 gold pieces to Gozag.

Inventory:

Missiles
 m - 2 poisoned darts (quivered)
 n - a throwing net
Jewellery
 f - a +6 ring of dexterity (left tentacle)
 p - a +6 ring of intelligence (right tentacle)
Talismans
 b - a beast talisman (active)
 c - a flux talisman
Scrolls
 o - a scroll of poison {unknown}
Potions
 a - a potion of lignification
 d - 3 potions of enlightenment
 e - a potion of attraction
 j - a potion of resistance {unknown}
 k - a potion of curing {unknown}
 l - a potion of haste {unknown}


   Skills:
 + Level 2.2 Fighting
 * Level 3.7 Dodging
 + Level 2.8 Stealth
 * Level 4.2 Unarmed Combat
 * Level 4.1 Shapeshifting


You had 5 spell levels left.
You didn't know any spells.
Your spell library contained the following spells:

 Spells                   Type           Power      Damage    Failure   Level
 Freeze                   Ice            0%         1d3       26%         1
 Frozen Ramparts          Ice            0%         1d1       63%         3
 Hailstorm                Conj/Ice       0%         3d5       63%         3
 Ozocubu's Armour         Ice            0%         N/A       63%         3
 Olgreb's Toxic Radiance  Alch           0%         N/A       95%         4
 Metabolic Englaciation   Hex/Ice        0%         N/A       100%        5
 Ozocubu's Refrigeration  Ice            0%         4d7       100%        7
 Discord                  Hex            0%         N/A       100%        8


Dungeon Overview and Level Annotations

Branches:
Dungeon (4/15)
 Temple: D:4-7

Altars:
Gozag

Shops:
D:4 *


Innate Abilities, Weirdness & Mutations

You are a hulking beast.
Your limbs bulge with bestial killing power. (Slay +2)
You cannot wear most types of armour.
You are amphibious.
You can wear up to eight rings at the same time.
Your skin changes colour to match your surroundings (Stealth+).
Your rubbery body absorbs attacks. (AC +1, EV +1)
((You are camouflaged when in or above water. (Stealth+)))
You have tentacles for arms and can constrict up to eight enemies at once.


Message History

A magic dart appears from out of thin air!
The magic dart hits you. The phantom attacks as it pursues you!
The phantom misses you.
Unknown command.
Unknown command.
You closely miss the phantom.
The phantom is moderately damaged.
You feel less confused. The phantom closely misses you.
Unknown command.
You closely miss the phantom. Your squeeze misses the phantom.
The phantom is moderately damaged.
The phantom hits you.
* * * LOW HITPOINT WARNING * * *
The phantom blinks!
You blink.
Unknown command.
You tentacle-slap the orc.
You kill the orc!
The phantom closely misses you. Something hits you.
* * * LOW HITPOINT WARNING * * *
Unknown command.
It was a potion of cancellation.
You feel magically purged.
The orc wizard gestures wildly while chanting.
The orc wizard flickers and vanishes!
The phantom is distracted by your dazzling golden aura.
Something hits you.
* * * LOW HITPOINT WARNING * * *
It was a potion of magic.
Magic courses through your body. The orc barely misses you. Something hits you.
* * * LOW HITPOINT WARNING * * *
You hear some strange, mumbled words.
Something tries to affect you, but you resist.
It was a potion of degeneration.
There was something very wrong with that liquid.
You feel weakened.
You feel dopey.
You feel clumsy. The orc hits you with a +0 hand axe.
* * * LOW HITPOINT WARNING * * *
Something hits you.
You die...
Your body crumbles into a pile of gold.

#.......## #.........#
#....?....#
###.........#
............# .#
.(..........# ####.##
#..).....o.W###.....
#.........h.)......#
##.......${.###....#
............# #.#..#
.##.........###.#..####
##.......##.........#
##.....#...#.......#
#..###..###.......#
#<.#...####..)....#
#..#.####.........#


You could see a phantom and an orc.

Vanquished Creatures
  2 scorpions (D:4)
  2 bombardier beetles
  3 gnolls (D:4)
  2 adders
  2 dart slugs (D:1)
  3 ribbon worms
  2 orcs (D:4)
  8 endoplasms
  3 giant cockroaches
  10 goblins
  7 hobgoblins
  7 kobolds
  A quokka (D:1)
  3 ball pythons (D:2)
  5 bats
  5 frilled lizards
  6 rats
71 creatures vanquished.

Notes
Turn   | Place    | Note
-------+----------+-------------------------------------------
     0 | D:1      | timneilson the Octopode Shapeshifter began the quest for
                  | the Orb.
     0 | D:1      | Reached XP level 1. HP: 13/13 MP: 1/1
    34 | D:1      | Reached XP level 2. HP: 18/18 MP: 2/2
   227 | D:1      | Reached skill level 1 in Stealth
   230 | D:1      | Reached XP level 3. HP: 23/23 MP: 3/3
   516 | D:2      | Identified the +2 leather armour of Gestures {rF+ Int+3
                  | Slay+5 Stlth+}
   639 | D:2      | Reached XP level 4. HP: 28/28 MP: 4/4
   955 | D:2      | Found a faded altar of an unknown god.
  1139 | D:3      | Found an opulent altar of Gozag.
  1148 | D:3      | Became a worshipper of Gozag Ym Sagoz the Greedy
  1609 | D:3      | Reached XP level 5. HP: 34/34 MP: 5/5
  1792 | D:4      | Reached XP level 6. HP: 11/39 MP: 6/6
  1939 | D:4      | Found Jocos's Gadget Gallery.
  1995 | D:4      | HP: 1/39 [orc/+0 hand axe (2)]
  1995 | D:4      | Slain by an orc wizard

Illustrated notes

Levels and vault maps discovered:
D:1:      dpeg_arrival_simpleton_c, layout_rooms, grunt_decor_arrowhead
D:2:      layout_rooms, shapermc_ecumenical_altar_hornbeckon, minmay_cupped
D:3:      layout_loops_ring, mainiacjoe_overflow_chevrons
D:4:      layout_rooms, nicolae_shop_gadgets

Skill      XL: |  1  2  3  4  5 |
---------------+----------------+-----
Stealth        | 1 2 |  2.8
Dodging        | 3 |  3.7
Fighting       | 2 |  2.2
Unarmed Combat | 4 |  4.2
Shapeshifting  | 4 |  4.1

Action                     |  1- 3 |  4- 6 || total
---------------------------+-------+-------++-------
  Melee: Unarmed           |    50 |    57 ||   107
         Constrict         |    24 |    21 ||    45
         Tentacles         |    16 |    16 ||    32
         Punch             |     2 |     2 ||     4
    Use: Scroll            |     2 |     3 ||     5
         Potion            |       |     3 ||     3
   Stab: Sleeping          |     4 |     6 ||    10
 Armour: Skin              |    17 |    25 ||    42
  Dodge: Dodged            |    22 |    32 ||    54

Table legend: (Time is in decaauts)
 A = Elapsed time spent in this place.
 B = Non-inter-level travel time spent in this place.
 C = Inter-level travel time spent in this place.
 D = Time resting spent in this place.
 E = Time spent auto-exploring this place.
 F = Levels seen in this place.
 G = Mean time per level.
                   A        B        C        D        E       F      G
               +--------+--------+--------+--------+--------+-----+--------+
         Total |   1986 |   1958 |     28 |    134 |   1391 |   4 |  496.5 |
       Dungeon |   1986 |   1958 |     28 |    134 |   1391 |   4 |  496.5 |
               +--------+--------+--------+--------+--------+-----+--------+

Top non-repeatable levels by time:
     D:2: 619 daAuts
     D:3: 601 daAuts
     D:1: 425 daAuts
     D:4: 339 daAuts
